 Dungeon Crawl Stone Soup version 0.29-a0-563-g64e4043184 (webtiles) character file.

Game seed: 15486096471933064859

33 dolemite99 the Poker (level 3, 0/31 HPs)
             Began as a Meteoran Fighter on June 11, 2022.
             Killed from afar by a dart slug (1 damage)
             ... with a slug dart
             ... on level 2 of the Dungeon.
             The game lasted 00:01:35 (581 turns).

dolemite99 the Poker (Meteoran Fighter)              Turns: 581, Time: 00:01:35

Health: 0/31       AC:  6    Str: 19    XL:     3   Next: 70%
Magic:  4/4        EV:  9    Int:  9    God:
Gold:   25         SH:  5    Dex: 14    Spells: 2/2 levels left

rFire   . . .      SeeInvis .   a - +0 trident
rCold   . . .      Faith    .   c - +0 buckler
rNeg    . . .      Spirit   .   b - +0 scale mail
rPois   .          Reflect  .   (no helmet)
rElec   .          Harm     .   (no cloak)
rCorr   .          Rampage  .   (no gloves)
Will    .....                   (no boots)
Stlth   ..........              (no amulet)
HPRegen 0.10/turn               (no ring)
MPRegen 0.09/turn               (no ring)

@: glowing
A: sense surroundings 1, otherworldly, glowing, explore regen
a: no special abilities


You were on level 2 of the Dungeon.
You visited 1 branch of the dungeon, and saw 2 of its levels.

You collected 25 gold pieces.

Inventory:

Hand Weapons
 a - a +0 trident (weapon)
Missiles
 i - 3 poisoned darts (quivered)
 j - 23 stones
Armour
 b - a +0 scale mail (worn)
 c - a +0 buckler (worn)
Scrolls
 h - a scroll of amnesia {unknown}
Potions
 d - a potion of might
 e - a potion of flight {unknown}
 f - 2 potions of curing {unknown}
 g - a potion of mutation {unknown}


   Skills:
 - Level 3.2 Fighting
 + Level 4.4 Polearms
 - Level 3.6 Armour
 - Level 3.6 Shields


You had 2 spell levels left.
You didn't know any spells.
Your spell library was empty.

Dungeon Overview and Level Annotations

Branches:
Dungeon (2/15)

Altars:

Shops:
D:1 =


Innate Abilities, Weirdness & Mutations

You passively map a small area around you.
You are easily found by Zot.
You glow in the dark.
You regain HP and MP as you explore.


Message History

You barely miss the hobgoblin.
The hobgoblin is moderately wounded.
The hobgoblin closely misses you.
You closely miss the hobgoblin.
The hobgoblin is moderately wounded.
The hobgoblin hits you but does no damage.
The hobgoblin attacks as you move away! You block the hobgoblin's attack.
You closely miss the hobgoblin.
The hobgoblin is moderately wounded.
The hobgoblin barely misses you.
You puncture the hobgoblin!
You kill the hobgoblin!
There is a stone staircase leading down here.
You climb downwards.
The ball python bites you but does no damage.
The ball python grabs you. The ball python constricts you.
You block the ball python's attack. The ball python constricts you.
The dart slug launches a dart at you.
The slug dart hits you but does no damage.
There is a stone staircase leading up here.
You hit the ball python.
You kill the ball python!
The dart slug launches a dart at you. You block the slug dart.
There is a stone staircase leading up here.
You block the worm's attack. The dart slug launches a dart at you.
The slug dart hits you but does no damage.
The worm bites you.
* * * LOW HITPOINT WARNING * * *
You puncture the worm!
The worm is severely wounded.
You barely miss the worm.
The worm is severely wounded.
The worm bites you.
* * * LOW HITPOINT WARNING * * *
The dart slug briefly extends its eye-stalks.
The dart slug launches a dart at you. The slug dart hits you.
You die...

#########
#.......#
#.......#
#......<#####
#.......@...#
#.......w.......,
#........###.?.#
* #.....)..# ..#
* *...w.....#* #
.#.#####.. , * *
#. #.. # #... **


You could see a worm and a dart slug.

Vanquished Creatures
  3 bats (D:1)
  3 endoplasms (D:1)
  A giant cockroach (D:1)
  A goblin (D:1)
  4 hobgoblins (D:1)
  4 jackals (D:1)
  A kobold (D:1)
  2 quokkas (D:1)
  5 ball pythons
  A frilled lizard (D:1)
  2 rats (D:1)
27 creatures vanquished.

Notes
Turn   | Place    | Note
-------+----------+-------------------------------------------
     0 | D:1      | dolemite99 the Meteoran Fighter began the quest for the
                  | Orb.
     0 | D:1      | Reached XP level 1. HP: 19/19 MP: 2/2
    59 | D:1      | Reached skill level 3 in Polearms
    59 | D:1      | Reached XP level 2. HP: 18/26 MP: 3/3
   153 | D:1      | Found Yrymutyf's Jewellery Shop.
   349 | D:1      | Reached XP level 3. HP: 26/31 MP: 4/4
   360 | D:1      | Reached skill level 4 in Polearms
   487 | D:1      | Glimpsed the power of Zot.
   537 | D:1      | Glimpsed the power of Zot.
   581 | D:2      | HP: 1/31 [worm (4)]
   581 | D:2      | Killed from afar by a dart slug

Illustrated notes

Levels and vault maps discovered:
D:1:      heliophobic_arrival_dark_side_of_the_moon, layout_basic, serial_shops,
          shop_fountains, minmay_pentomino_p2
D:2:      layout_rooms, hellmonk_ecumenical_altar_watching_god,
          wander_ebering_terrifying_dragon_lair

Skill      XL: |  1  2  3 |
---------------+----------+-----
Polearms       | 3 4 |  4.4
Fighting       | |  3.2
Armour         | |  3.6
Shields        | |  3.6

Action                   || total
-------------------------++-------
Melee: Trident           ||    99
Armor: Scale mail        ||    55
Dodge: Dodged            ||    62
Block: Buckler           ||    46

Table legend: (Time is in decaauts)
 A = Elapsed time spent in this place.
 B = Non-inter-level travel time spent in this place.
 C = Inter-level travel time spent in this place.
 D = Time resting spent in this place.
 E = Time spent auto-exploring this place.
 F = Levels seen in this place.
 G = Mean time per level.
                   A        B        C        D        E       F      G
               +--------+--------+--------+--------+--------+-----+--------+
         Total |    596 |    558 |     38 |     84 |    169 |   2 |  298.0 |
       Dungeon |    596 |    558 |     38 |     84 |    169 |   2 |  298.0 |
               +--------+--------+--------+--------+--------+-----+--------+

Top non-repeatable levels by time:
     D:1: 585 daAuts
     D:2: 11 daAuts
